 Dungeon Crawl Stone Soup version 0.32-a0-656-g3542139ebd (webtiles) character file.

Game seed: 58275775653901275

17 growler the Ruffian (level 2, -1/21 HPs)
             Began as a Demonspawn Shapeshifter on Mar 8, 2024.
             Shot with a sling bullet by a goblin (4 damage)
             ... on level 2 of the Dungeon.
             The game lasted 00:00:57 (912 turns).

growler the Ruffian (Demonspawn Shapeshifter)        Turns: 912, Time: 00:00:58

Health: -1/21      AC:  2    Str: 14    XL:     2   Next: 44%
Magic:  2/2        EV: 12    Int: 10    God:
Gold:   44         SH:  0    Dex: 12    Spells: 1/1 levels left

rFire   . .          .
                       - Unarmed
rCold   . . .        (no shield)
rNeg    . . .        a - +0 animal skin
rPois   .            (helmet currently unavailable)
rElec   .            (cloak currently unavailable)
rCorr   .            (gloves currently unavailable)
SInv    .            (boots currently unavailable)
Will    .....        (no amulet)
Stlth   +            (no ring)
HPRegen 0.23/turn    (no ring)
MPRegen 0.08/turn

%: no passive effects
@: beast-form
A: beast (slay +1), horns 1
a: Begin Untransformation


You were on level 2 of the Dungeon.
You were a hulking beast.
You visited 1 branch of the dungeon, and saw 2 of its levels.

You collected 44 gold pieces.

Inventory:

Armour
 a - a +0 animal skin (worn)
Talismans
 c - a beast talisman (active)
 d - a flux talisman
Scrolls
 e - 2 scrolls of enchant weapon {unknown}
 f - 2 scrolls of identify {unknown}
Potions
 b - a potion of lignification


   Skills:
 - Level 1.0 Fighting
 - Level 1.7 Dodging
 + Level 3.1 Unarmed Combat
 + Level 3.0 Shapeshifting


You had one spell level left.
You didn't know any spells.
Your spell library was empty.

Dungeon Overview and Level Annotations

Branches:
Dungeon (2/15)

Altars:

Shops:
D:1 *


Innate Abilities, Weirdness & Mutations

You are a hulking beast.
Your limbs bulge with bestial killing power. (Slay +1)
You have a pair of small horns on your head.


Message History

You open the door.
There is an open door here.
You open the door.
There is an open door here.
e - 2 scrolls labelled KESEWO ARRIA (gained 1)
You open the door.
There is an open door here.
You see here 5 stones.
You see here 5 stones.
Done exploring.
Done exploring.
There is a stone staircase leading down here.
You climb downwards.
The goblin shouts!
There is a stone staircase leading up here.
You punch the ribbon worm!
The ribbon worm is moderately wounded.
You barely miss the ribbon worm.
The ribbon worm is moderately wounded.
The goblin unwields a +2 dagger of draining.
The goblin wields a +2 heavy sling.
The goblin shoots a sling bullet.
The sling bullet hits you!
The ribbon worm expels a string of sticky webbing.
The stream of webbing hits you but does no damage.
You are caught in a web!
The ribbon worm completely misses you.
You hit the ribbon worm.
The ribbon worm is heavily wounded.
The goblin shoots a sling bullet.
The sling bullet hits you. The ribbon worm bites you.
* * * LOW HITPOINT WARNING * * *
Unknown command.
You hit the ribbon worm but do no damage.
You headbutt the ribbon worm.
The ribbon worm is severely wounded.
You hit the ribbon worm but do no damage.
The ribbon worm is severely wounded.
A rat comes into view.
The goblin shoots a sling bullet.
The sling bullet hits you.
You die...

### ####
#..
.#...##.#
........#
rg.....w#
#h# #.#
#.# #.#
#.# #.#
..# ###


You could see a ribbon worm, a goblin and a rat (wandering).

Vanquished Creatures
  3 endoplasms (D:1)
  2 giant cockroaches (D:1)
  4 goblins (D:1)
  2 hobgoblins (D:1)
  A kobold (D:1)
  2 rats (D:1)
14 creatures vanquished.

Notes
Turn   | Place    | Note
-------+----------+-------------------------------------------
     0 | D:1      | growler the Demonspawn Shapeshifter began the quest for the
                  | Orb.
     0 | D:1      | Reached XP level 1. HP: 15/15 MP: 1/1
   178 | D:1      | Gained mutation: You have a pair of small horns on your
                  | head. [demonic ancestry]
   178 | D:1      | Reached XP level 2. HP: 16/21 MP: 2/2
   631 | D:1      | Found Niufos's Assorted Antiques.
   912 | D:2      | Shot with a sling bullet by a goblin

Illustrated notes

Levels and vault maps discovered:
D:1:      eino_arrival_cavern_d, layout_basic, serial_shops, shop,
          reono_crystal_passage
D:2:      layout_loops_ring, shapermc_ecumenical_altar_gd

Skill      XL: |  1  2 |
---------------+-------+-----
Unarmed Combat | 3 |  3.1
Shapeshifting  | 3 |  3.0
Fighting       | |  1.0
Dodging        | |  1.7

Action                     || total
---------------------------++-------
  Melee: Unarmed           ||    38
         Headbutt          ||     2
   Stab: Sleeping          ||     2
 Armour: Animal skin       ||    21
  Dodge: Dodged            ||    13

Table legend: (Time is in decaauts)
 A = Elapsed time spent in this place.
 B = Non-inter-level travel time spent in this place.
 C = Inter-level travel time spent in this place.
 D = Time resting spent in this place.
 E = Time spent auto-exploring this place.
 F = Levels seen in this place.
 G = Mean time per level.
                   A        B        C        D        E       F      G
               +--------+--------+--------+--------+--------+-----+--------+
         Total |    909 |    875 |     34 |      0 |    785 |   2 |  454.5 |
       Dungeon |    909 |    875 |     34 |      0 |    785 |   2 |  454.5 |
               +--------+--------+--------+--------+--------+-----+--------+

Top non-repeatable levels by time:
     D:1: 904 daAuts
     D:2: 5 daAuts
